[Event "*** Titled Tuesday Blitz"]
[Site "Chess.com"]
[Date "2020.05.19"]
[Round "10"]
[White "allvim"]
[Black "Gromes7"]
[Result "1/2-1/2"]
[WhiteElo "2230"]
[BlackElo "2015"]
[TimeControl "180+1"]
[EndTime "13:58:27 PDT"]
[Termination "Game drawn by repetition"]

1. e4 c5 2. Nf3 d6 3. d4 cxd4 4. Nxd4 Nf6 5. Nc3 Nc6 6. Nb3 e6 7. Be2 Be7 8. O-O O-O 9. Be3 a6 10. f4 b5 11. a3 Qc7 12. Bf3 Bb7 13. Qe1 Rac8 14. Rd1 Rfe8 15. Qg3 Na5 16. Nxa5 Qxa5 17. e5 Bxf3 18. Rxf3 Nd7 19. Bd4 d5 20. f5 Bf8 21.
Rdf1 b4 22. axb4 Qxb4 23. Ne2 Rxc2 24. f6 g6 25. Qf2 Rxe2 26. Qxe2 Qxd4+ 27. R3f2 Bc5 28. Kh1 Qxe5 29. Qd2 Qe3 30. Qc2 Rb8 31. h3 Qb3 32. Qd2 Be3 33. Qe2 Bxf2 34. Qxf2 Qxb2 35. Qh4 h5 36. Qg5 Qb4 37. Qh6 Qf8 38. Qg5 Rb4 39.
Rf3 Re4 40. Rg3 Ne5 41. Rb3 Kh7 42. Kh2 Qh6 43. Qg3 Qf4 44. Rb7 Qxg3+ 45. Kxg3 Re3+ 46. Kf4 Ra3 47. Kxe5 a5 48. Rxf7+ Kg8 49. Rg7+ Kf8 50.
Rxg6 Re3+ 51. Kd6 d4 52. Rg5 d3 53. Rxh5 d2 54. Rh8+ Kf7 55. Rh7+ Kg6 56. Rg7+ Kh6 57.
Rg8 d1=Q+ 58. Ke7 Qa4 59. f7 Qb4+ 60. Ke8 Qb5+ 61. Ke7 Qc5+ 62. Ke8 Qc6+ 63. Ke7 Qc7+ 64. Ke8 Qc8+ 65. Ke7 Qc7+ 66. Ke8 Qc6+ 67. Ke7 Qc7+ 1/2-1/2

[Event "*** Titled Tuesday Blitz"]
[Site "Chess.com"]
[Date "2020.05.19"]
[Round "10"]
[White "dosto07"]
[Black "tteshan"]
[Result "0-1"]
[WhiteElo "2101"]
[BlackElo "2220"]
[TimeControl "180+1"]
[EndTime "13:58:29 PDT"]
[Termination "tteshan won by resignation"]

1. e4 c5 2. Nf3 Nc6 3. Bb5 e6 4.
O-O Nge7 5. Re1 a6 6. Bf1 d5 7. exd5 Nxd5 8. d4 cxd4 9. Nxd4 Nf6 10. Be3 Be7 11. c4 O-O 12. Nc3 Nxd4 13. Bxd4 Qc7 14.
Qc2 Rd8 15. Rad1 Bd7 16. Ne4 Nxe4 17. Qxe4 Bc6 18. Qg4 Bf8 19. b3 Rd7 20. Bb2 Rad8 21. Rxd7 Rxd7 22. Rd1 Qd8 23. Rxd7 Qxd7 24. Qe2 f6 25.
Qd3 e5 26. Qxd7 Bxd7 27. g3 Bc6 28. Bg2 e4 29. Kf1 Kf7 30. Ke2 Ke6 31. Bd4 g6 32. h4 Bb4 33. g4 f5 34. gxf5+ gxf5 35. f3 Be7 36. fxe4 fxe4 37. Bh3+ Kf7 38. h5 Bf6 39. Ke3 Bg5+ 40. Ke2 b5 41. Bf5 h6 42. Be3 bxc4 43.
bxc4 Kf6 44. Bg6 Bb7 45. Kd2 Bxe3+ 46. Kxe3 Ke5 47. Bf7 Bc6 48. Bg6 a5 49. Bh7 Be8 50. Bg6 Bxg6 51. hxg6 Kf6 52. Kxe4 Kxg6 53. c5 Kf7 54. Ke5 Ke7 55. Kd5 Kd7 56. c6+ Kc7 57. Kc5 h5 58. Kd5 h4 59. Ke5 Kxc6 60. Kf4 Kb5 61.
Kg4 Kb4 62. Kxh4 Ka3 63. Kg3 Kxa2 64. Kf3 Kb2 65. Ke3 a4 66. Kd4 a3 67. Kc4 a2 68.
Kd5 a1=Q 69. Kd6 Qc1 70. Kd5 Qc3 71. Kd6 Kc2 72. Kd5 Kd3 73. Kd6 Qc4 74. Ke5 Qd4+ 75.
Ke6 Ke4 76. Ke7 Qd5 77. Kf6 Qe5+ 78. Kf7 Kf5 79. Kg8 Qe7 0-1

[Event "*** Titled Tuesday Blitz"]
[Site "Chess.com"]
[Date "2020.05.19"]
[Round "10"]
[White "MateSchmate"]
[Black "MYMChessAcademy"]
[Result "0-1"]
[WhiteElo "2533"]
[BlackElo "2449"]
[TimeControl "180+1"]
[EndTime "13:58:33 PDT"]
[Termination "MYMChessAcademy won by checkmate"]

1. e4 c5 2. Nf3 d6 3. d4 cxd4 4. Nxd4 a6 5. Nc3 e6 6. g3 b5 7. Bg2 Bb7 8. a3 Nd7 9. Be3 Ngf6 10. O-O Nc5 11. f3 d5 12. e5 Nfd7 13. f4 Be7 14. Qh5 g6 15. Qf3 h5 16. h3 Ne4 17. Nxe4 dxe4 18. Qf2 Qc7 19. Rad1 Nb6 20. Nxe6 fxe6 21.
Bxb6 Qc6 22. Be3 Rc8 23. c3 Qc4 24. Rd4 Qb3 25. Bxe4 Bxe4 26. Rxe4 O-O 27. g4 hxg4 28. hxg4 Kg7 29. Rd4 Rcd8 30. Rxd8 Bxd8 31. Bc5 Rh8 32. f5 Qd5 33. Qf3 Qxc5+ 34. Kg2 Qxe5 35. f6+ Kf8 36.
Qf4 Bc7 37. Qxe5 Bxe5 38. Re1 Rh2+ 39. Kf3 Bxf6 40. Rxe6 Kf7 41. Rxa6 Rxb2 42. a4 bxa4 43. Ra7+ Be7 44. Rxa4 Rb3 45. Rc4 Bf6 46. Rc7+ Kg8 47.
Kf4 Rxc3 48. Rd7 Rc4+ 49. Kf3 Bg7 50. Rb7 Kh7 51. Rb5 Kh6 52. Ra5 Bf6 53. Rb5 Rc3+ 54. Ke4 Rc4+ 55. Kf3 Bg5 56. Rb8 Rf4+ 57. Kg3 Rc4 58.
Rh8+ Kg7 59. Ra8 Rc3+ 60. Kg2 Bf4 61. Ra7+ Kh6 62. Ra5 Re3 63. Kf2 Re5 64. Ra4 Kg5 65. Ra6 Rd5 66. Kf3 Rd3+ 67. Ke2 Rd6 68. Ra5+ Kxg4 69. Ra4 Rd2+ 70. Kf1 g5 71. Ra3 Rd4 72. Kg2 Rd2+ 73. Kf1 Bg3 74. Rb3 Rf2+ 75. Kg1 Kh3 76. Rb1 g4 77. Rb7 Re2 78. Rh7+ Bh4 79. Rf7 Re1+ 80.
Rf1 Rxf1+ 81. Kxf1 Kh2 82. Ke2 g3 83. Kf3 g2 84. Kg4 g1=Q+ 85. Kh5 Qg3 86. Kh6 Qg5+ 87. Kh7 Bg3 88. Kh8 Be5+ 89. Kh7 Qg7# 0-1

[Event "*** Titled Tuesday Blitz"]
[Site "Chess.com"]
[Date "2020.05.19"]
[Round "10"]
[White "robertofabregas"]
[Black "pedro_nascimento85"]
[Result "0-1"]
[WhiteElo "2088"]
[BlackElo "1750"]
[TimeControl "180+1"]
[EndTime "13:58:33 PDT"]
[Termination "pedro_nascimento85 won by checkmate"]

1. c4 e6 2. Nc3 d6 3. g3 Nf6 4.
Bg2 Be7 5. Nf3 O-O 6. O-O d5 7. d4 c6 8. Re1 Nbd7 9. a4 a5 10. e4 dxe4 11. Nxe4 Nxe4 12. Rxe4 Nf6 13. Re1 Bb4 14.
Bd2 c5 15. Bxb4 cxb4 16. b3 Qc7 17. Rc1 Rd8 18. Qe2 Bd7 19. Ne5 Be8 20. Red1 Ra6 21. c5 Nd5 22. Bxd5 Rxd5 23. Nc4 Qd8 24. Nd6 Bc6 25. f4 Qf6 26. Rd2 Rxd4 27. Rdd1 h6 28.
Qc2 Ra8 29. Rd3 Rxd3 30. Qxd3 Rd8 31. Rd1 Qb2 32. Rd2 Qa1+ 33. Kf2 Qf6 34. Qe3 Rd7 35. h3 Qa1 36. g4 Qh1 37. Kg3 Qf1 38. Rf2 Qg1+ 39.
Kh4 Bd5 40. Rd2 Qc1 41. Rxd5 Qxe3 42. Re5 Qf3 43. f5 Qf2+ 44. Kh5 g6+ 45. fxg6 fxg6+ 46. Kxh6 Qf4+ 47. Kxg6 Qxe5 48. Kh6 Qxc5 49. g5 Qc3 50. g6 Qd2+ 51. Kh5 Qe2+ 52. Kh6 Qe3+ 53. Kh5 Qf4 54. h4 Qxd6 55. Kh6 Rg7 56. h5 e5 57. Kg5 e4 58.
Kh6 e3 59. Kg5 Qe6 60. Kh6 Qxb3 61. Kg5 e2 62. Kh6 Kh8 63. Kg5 Qe3+ 64. Kf6 Qh6 65. Kf5 Qxh5+ 66. Kf6 Qh6 67. Kf5 Qxg6+ 68. Kf4 Qc2 69.
Kf3 Qxa4 70. Kf4 Qe8 71. Kf3 Rf7+ 72. Kg2 Qg8+ 73. Kh3 Rh7# 0-1

[Event "*** Titled Tuesday Blitz"]
[Site "Chess.com"]
[Date "2020.05.19"]
[Round "10"]
[White "ChessQueen"]
[Black "hansen"]
[Result "1/2-1/2"]
[WhiteElo "2623"]
[BlackElo "2925"]
[TimeControl "180+1"]
[EndTime "13:58:34 PDT"]
[Termination "Game drawn by agreement"]

1. e4 e5 2. Nf3 Nc6 3. Bb5 a6 4. Ba4 Nf6 5. d4 exd4 6. O-O Be7 7. e5 Ne4 8. Nxd4 Nxd4 9. Qxd4 Nc5 10. Bb3 Nxb3 11.
axb3 O-O 12. Bf4 f6 13. Nc3 fxe5 14. Bxe5 Rf7 15. Nd5 d6 16. Nxe7+ Qxe7 17. Bg3 Bf5 18. Rfe1 Qf6 19. Qxf6 Rxf6 20. c3 Rf7 21. b4 Raf8 22.
Re3 g5 23. h4 h6 24. Rae1 Kg7 25. Re7 Kf6 26. Rxf7+ Kxf7 27. f3 Ra8 28. hxg5 hxg5 29. Kf2 a5 30. Ra1 a4 31. Ke3 b5 32. Kd4 Be6 33.
Rh1 Kg6 34. Re1 Re8 35. Re4 Kf6 36. Bf2 Ra8 37. f4 gxf4 38. Rxf4+ Ke7 39. Bh4+ Kd7 40. g4 a3 41. bxa3 Rxa3 42. g5 Ra1 43. Rf3 Rg1 44. Bg3 Bg4 45. Rd3 Bf5 46. Rf3 Ke6 47. Bf4 Rd1+ 48. Ke3 Re1+ 49. Kd2 Rb1 50. Rg3 Bg6 51. Be3 Rb2+ 52. Ke1 Rc2 53. Bd2 Kd5 54. Rg4 Ra2 55. Rf4 Ke5 56. Rf6 Bd3 57. Rf3 Bc4 58.
Rg3 Kf5 59. g6 Ra1+ 60. Kf2 Rf1+ 61. Ke3 Rf4 62. g7 Re4+ 63. Kf3 Re8 64. Be3 Kf6 65. Bd4+ Kf7 66. Rg5 Rg8 67. Rf5+ Ke7 68. Rf4 Kd7 69. Rh4 Ke7 70. Kf4 Kf7 71. Kg5 Re8 72. Rf4+ Kg8 73. Rh4 Kf7 74. Rh8 Rg8 75. Kf5 Bd3+ 76. Kf4 c5 77. bxc5 dxc5 78. Be5 b4 79. cxb4 cxb4 80. Rxg8 Kxg8 81. Ke3 Bg6 82. Kd2 b3 1/2-1/2

[Event "*** Titled Tuesday Blitz"]
[Site "Chess.com"]
[Date "2020.05.19"]
[Round "10"]
[White "Karacsonyi_Gellert"]
[Black "vaishali2001"]
[Result "0-1"]
[WhiteElo "2461"]
[BlackElo "2620"]
[TimeControl "180+1"]
[EndTime "13:58:37 PDT"]
[Termination "vaishali2001 won on time"]

1. e4 e5 2. Nf3 Nc6 3. Bb5 g6 4. d4 exd4 5. Bg5 Be7 6. Bxe7 Qxe7 7. O-O Nf6 8. Re1 Qc5 9. Bxc6 dxc6 10. Qxd4 Qxd4 11.
Nxd4 Bd7 12. Nd2 O-O-O 13. e5 Nd5 14. c3 Rhe8 15. Rad1 b6 16. g3 c5 17. Nc2 Bf5 18. Na3 Rd7 19. f3 Red8 20. Nf1 h5 21. Kf2 Kb7 22. Nc4 Be6 23. a3 Nxc3 24. Rxd7 Rxd7 25. Na5+ Ka6 26. bxc3 Kxa5 27. f4 Ka4 28.
Ke2 Bc4+ 29. Kf2 Bxf1 30. Rxf1 a5 31. f5 gxf5 32. Ke3 Kxa3 33. Kf4 a4 34. Kxf5 Kb2 35. c4 a3 36. Rf2+ Kb3 37. Rf3+ Kb4 38. Rf2 Kxc4 39.
h4 Kb3 40. Rf3+ Kb2 41. Rf2+ Kc3 42. g4 hxg4 43. h5 Rd2 44. Rxd2 Kxd2 45. h6 a2 46. h7 a1=Q 47. h8=Q Qb1+ 48. Kf6 Qg6+ 49. Ke7 g3 50. Qh1 g2 51. Qg1 c4 52. Qf2+ Kd3 53. Qf3+ Kc2 54.
Qf2+ Kb3 55. Qg1 c3 56. Kf8 c2 57. Qe3+ Kb2 58. Qd4+ Kc1 59. Qg1+ Kd2 60. Qf2+ Kd3 61. Qf3+ Kd4 62. Qf2+ Kxe5 63. Qe3+ Qe4 64. Qg5+ Kd4 65. Qd2+ Kc4 66. Qc1 f5 67. Kf7 f4 68. Kf8 f3 69.
Qa1 Qf5+ 70. Kg8 Qg5+ 0-1

[Event "*** Titled Tuesday Blitz"]
[Site "Chess.com"]
[Date "2020.05.19"]
[Round "10"]
[White "JustinWang1234"]
[Black "spectralsoul"]
[Result "0-1"]
[WhiteElo "2602"]
[BlackElo "2843"]
[TimeControl "180+1"]
[EndTime "13:58:41 PDT"]
[Termination "spectralsoul won by resignation"]

1. Nf3 c5 2. g3 Nc6 3. Bg2 e5 4. e4 Nf6 5. O-O Be7 6. d3 O-O 7. Nc3 h6 8. Nd2 d6 9. a4 Be6 10. Nc4 d5 11. exd5 Nxd5 12. Bd2 Nb6 13. Nxb6 axb6 14. Re1 Bf6 15. Ne4 Be7 16. Bc3 Qc7 17. Nd2 Rfd8 18. b3 f6 19. f4 Bd6 20. Bxc6 Qxc6 21.
fxe5 fxe5 22. Bxe5 Bxe5 23. Rxe5 Bh3 24. Qf3 Qd6 25. Rae1 Rf8 26. Qd5+ Qxd5 27. Rxd5 Rf6 28. Rde5 Kh7 29. Re8 Ra6 30. Ne4 Rf3 31. Nf2 Bd7 32.
R8e3 Rf8 33. Ne4 Bh3 34. Nf2 Bd7 35. Re7 Bc6 36. Ne4 Ra5 37. Nd6 Rf6 38. Ne8 Rg6 39.
Nc7 c4 40. dxc4 Rf5 41. Ne6 Rg4 42. Rf1 Rh5 43. Nf4 Rhg5 44. Rfe1 Rxf4 45. R7e5 Rfg4 46.
Rxg5 Rxg5 47. Re7 Rf5 48. Re3 Kg8 49. Re2 Rf3 50. Re5 Rc3 51. Re2 Kf7 52. Kf2 g5 53. Ke1 Kf6 54. Rf2+ Ke5 55. Kd2 Rf3 56. Re2+ Kd4 57. g4 Rh3 58. Rf2 Be4 59. Re2 Rh4 60. c3+ Ke5 61. c5 bxc5 62. b4 cxb4 63. cxb4 Rxg4 64. Kc3 Rh4 65. Kc4 Rh3 66. Kb5 Kd4 67. Kb6 Ra3 68. a5 Ra4 69. b5 g4 70. Rd2+ Ke5 71. Rd8 h5 72. Re8+ Kf4 73. Rh8 Kg5 74. Rg8+ Kh4 75. Rg7 Ra2 76. Rg8 Bf3 77. Rf8 Kh3 78. a6 bxa6 79. bxa6 Kxh2 80. a7 h4 81. Rf4 h3 82. Rf5 Kg3 83. Ra5 Rxa5 84. Kxa5 h2 85.
Kb6 h1=Q 0-1

[Event "*** Titled Tuesday Blitz"]
[Site "Chess.com"]
[Date "2020.05.19"]
[Round "10"]
[White "santosalberto1987"]
[Black "rynos0411"]
[Result "0-1"]
[WhiteElo "2467"]
[BlackElo "2373"]
[TimeControl "180+1"]
[EndTime "13:58:47 PDT"]
[Termination "rynos0411 won by resignation"]

1. e4 c6 2. d4 d5 3. Nc3 dxe4 4.
Nxe4 Nf6 5. Nxf6+ exf6 6. Bc4 Be7 7. Ne2 O-O 8. O-O b5 9. Bd3 Bb7 10. Ng3 Re8 11. Qh5 g6 12. Qh4 f5 13. Qf4 Bd6 14.
Qf3 Qc7 15. Nxf5 c5 16. Nh6+ Kg7 17. d5 c4 18. Be2 Re5 19. Ng4 Rf5 20. Bh6+ Kg8 21.
Qc3 Be5 22. Nxe5 Qxe5 23. Qxe5 Rxe5 24. Bf3 Nd7 25. Rad1 Nb6 26. d6 Bxf3 27. gxf3 Rd8 28. Kg2 f6 29. Bf4 Rf5 30. Bg3 Kf7 31. Rfe1 Rd7 32.
Rd4 Rd5 33. Red1 Rxd4 34. Rxd4 f5 35. Be5 Ke6 36. f4 Nc8 37. a4 a6 38. axb5 axb5 39. Rd1 Nxd6 40. Ra1 Ne4 41. Ra6+ Kf7 42. f3 Rd2+ 43. Kg1 Rd1+ 44. Kg2 Rd2+ 45. Kf1 Rf2+ 46. Ke1 Rxf3 47. Ra7+ Ke6 48. Rxh7 Re3+ 49. Kf1 Rf3+ 50. Ke2 Rf2+ 51. Kd1 b4 52. h4 b3 53. cxb3 cxb3 54. Rg7 Kd5 55. Rxg6 Kc4 56. Rg8 Kd3 57. Rd8+ Kc4 58. h5 Rh2 59. Rh8 Ng3 60. h6 Kd3 61.
Rd8+ Ke3 62. Bd4+ Ke4 63. Bc3 Rxh6 64. Rd4+ Ke3 65. Rd8 Rh1+ 66. Be1 Ne4 67. Re8 Kd3 68. Rd8+ Ke3 69. Re8 Kxf4 70. Ke2 Ng3+ 71. Bxg3+ Kxg3 72. Rg8+ Kf4 73. Rb8 Rh2+ 74. Kf1 Rxb2 75. Rb4+ Kg3 76. Kg1 f4 77. Kf1 f3 78. Ke1 f2+ 79. Kf1 Rb1+ 0-1

[Event "*** Titled Tuesday Blitz"]
[Site "Chess.com"]
[Date "2020.05.19"]
[Round "10"]
[White "mishikomchedlishvili"]
[Black "GoltsevDmitry2000"]
[Result "0-1"]
[WhiteElo "2824"]
[BlackElo "2607"]
[TimeControl "180+1"]
[EndTime "13:58:48 PDT"]
[Termination "GoltsevDmitry2000 won on time"]

1. d4 Nf6 2. Bg5 e6 3. e4 Be7 4.
e5 Nd5 5. Bxe7 Nxe7 6. Nf3 b6 7.
Bd3 Bb7 8. Nc3 d6 9. Qe2 Nd7 10. O-O-O d5 11. Ng5 Nf5 12. Qg4 h5 13. Qf4 g6 14. h3 Qe7 15. Ne2 c5 16. g4 Nxd4 17. Nxd4 cxd4 18. Bb5 O-O-O 19. Bxd7+ Rxd7 20. Nf3 Rc7 21. Nxd4 Ba6 22. Kb1 Kb7 23. g5 Rhc8 24. Rhe1 Rc4 25.
Re3 Qc7 26. c3 Qe7 27. Qf6 Qxf6 28. gxf6 R4c7 29. Kc2 Re8 30. Rg1 Kc8 31. Kd2 Kd7 32. Reg3 Rg8 33. Ke3 Bc4 34. a3 a5 35. Kf4 Ba6 36.
Kg5 Rh8 37. h4 b5 38. Rd1 Rc4 39. b3 Rc7 40. Ne2 b4 41. Nd4 bxc3 42. Rc1 Rhc8 43. Rc2 Ke8 44. Kh6 a4 45. b4 Rc4 46. Nf3 R8c7 47.
Kg7 d4 48. Ng5 R4c6 49. Ne4 d3 50. Rc1 d2 51. Ra1 c2 52. Nxd2 c1=Q 53. Rxc1 Rxc1 54. Ne4 R1c6 55. Nd6+ Rxd6 56. exd6 Rd7 57. Rg5 Rxd6 58. Ra5 Rb6 59. Rc5 Rd6 60. Rc7 Rd7 61. Rc6 Ra7 62. Rb6 Bc4 63. Rb8+ Kd7 64. Kxf7 e5+ 65. Kxg6 Kd6 66.
Rb6+ Kc7 0-1

[Event "*** Titled Tuesday Blitz"]
[Site "Chess.com"]
[Date "2020.05.19"]
[Round "10"]
[White "AlexTriapishko"]
[Black "VojtechPlat"]
[Result "1/2-1/2"]
[WhiteElo "2732"]
[BlackElo "2877"]
[TimeControl "180+1"]
[EndTime "13:58:51 PDT"]
[Termination "Game drawn - insufficient material"]

1. d4 d5 2. Nc3 Nc6 3. Bf4 a6 4. e3 g6 5. h4 h5 6. Nf3 Bg7 7. Be2 Nf6 8. Ne5 Nb8 9. O-O c6 10. a4 Nbd7 11. a5 Nxe5 12. Bxe5 O-O 13. b4 Ng4 14. Bxg7 Kxg7 15. Na4 Bf5 16. Nc5 Qc7 17. Bxg4 hxg4 18. f3 g3 19. Qe1 Rh8 20.
f4 Rxh4 21. Qxg3 Rah8 22. Kf2 Bxc2 23. Qg5 Bf5 24. Qg3 Qd6 25. Ke2 Qf6 26. Kd2 Rh2 27. Kc3 Be4 28. Rf2 Qf5 29. Qg5 Qxg5 30.
fxg5 Rb8 31. Raf1 Bf5 32. g3 Rh3 33. Rf3 f6 34. gxf6+ exf6 35. R1f2 Rh1 36. Rf1 Rh2 37.
R1f2 Rh3 38. Kd2 b6 39. axb6 Rxb6 40. Kc3 Rh1 41. Rf1 Rh8 42. Ra1 Bc8 43. Ra4 f5 44.
Rf2 Rh3 45. Rg2 g5 46. Ra1 Kg6 47. Rag1 Rb5 48. Rf2 a5 49. bxa5 Rxa5 50. Rb2 Rb5 51. Rxb5 cxb5 52. Kb4 Kh5 53. Kxb5 Kg4 54. Kc6 Rxg3 55. Rd1 Rxe3 56. Kc7 Be6 57. Kd6 Bf7 58. Nd7 Re6+ 59. Kc5 Be8 60. Ne5+ Kg3 61. Kxd5 Rf6 62. Rd3+ Kh4 63. Nf3+ Kh5 64. Ke5 Rf8 65. d5 g4 66.
Nd4 f4 67. Ne6 f3 68. Nxf8 f2 69. Rd1 g3 70. Ne6 Kg4 71. Nf4 Bb5 72. d6 Kf3 73.
Rb1 g2 74. Nxg2 Kxg2 75. Kf6 f1=Q+ 76. Rxf1 Kxf1 77. Ke7 Ke2 78. d7 Bxd7 1/2-1/2

[Event "*** Titled Tuesday Blitz"]
[Site "Chess.com"]
[Date "2020.05.19"]
[Round "10"]
[White "MPGM"]
[Black "Djager97"]
[Result "1-0"]
[WhiteElo "2525"]
[BlackElo "2374"]
[TimeControl "180+1"]
[EndTime "13:59:21 PDT"]
[Termination "MPGM won by checkmate"]

1. d4 d5 2. c4 e6 3. Nc3 c6 4.
Nf3 dxc4 5. e3 b5 6. a4 Bb4 7. Bd2 a5 8. axb5 Bxc3 9. Bxc3 cxb5 10. b3 Bb7 11. Bb2 Nf6 12. bxc4 b4 13. Bd3 O-O 14. O-O Nbd7 15. Nd2 Qc7 16. f4 a4 17. Rb1 Rfd8 18.
Qe2 b3 19. Ba1 Nb8 20. e4 Nc6 21. d5 exd5 22. cxd5 Qb6+ 23. Kh1 Nb4 24. Nc4 Qa6 25. Rf3 Nxd3 26. Qxd3 Nxd5 27. exd5 Bxd5 28. Qc3 Qg6 29. Rg1 f6 30. Rg3 Qf7 31. Nb6 Rab8 32. Nxd5 Rxd5 33. Bb2 Rbd8 34. h3 Rd2 35. Qxf6 Qxf6 36. Bxf6 R8d7 37. Be5 b2 38. Kh2 Rb7 39. Rb1 Rc2 40. Ra3 g5 41. Rxa4 gxf4 42. Rxf4 Rb5 43. Bd4 Rb4 44. Rbf1 Rxd4 45.
Rxd4 Rc1 46. Rd8+ Kg7 47. Rd7+ Kg6 48. Rd6+ Kg7 49. Rd7+ Kg6 50. Rdd1 b1=Q 51. Rxc1 Qb8+ 52. Kh1 Qe5 53. Rf3 Qe4 54. Rcf1 Kg7 55. Kh2 Kg6 56. Rg3+ Kh6 57. Rg4 Qe5+ 58. Kh1 Qd5 59. Rf6+ Kh5 60.
Rff4 Qd1+ 61. Kh2 Qd6 62. Kg1 Qd1+ 63. Rf1 Qd6 64. Rf5+ Kh6 65. Rf3 Qd1+ 66. Kf2 Qd2+ 67. Kg3 Qd6+ 68. Rgf4 Kg6 69. Kg4 Qe6+ 70. Kg3 Qe5 71. Kh2 Qd6 72. g3 Qd2+ 73. Rf2 Qd3 74. Rg4+ Kh5 75. Rgf4 Kg6 76. Rf6+ Kg7 77. h4 Qd4 78. R6f4 Qe5 79. g4 Qd5 80. g5 Qe5 81.
Kg3 Qd6 82. Kg4 Qe6+ 83. Rf5 Qe4+ 84. Kg3 Qe3+ 85. R2f3 Qg1+ 86. Kf4 Qd4+ 87. Kg3 Qg1+ 88. Kh3 Qh1+ 89. Kg4 Qg2+ 90. Kh5 Qe2 91. Rf7+ Kg8 92.
Kh6 Qe4 93. Rf8# 1-0

[Event "*** Titled Tuesday Blitz"]
[Site "Chess.com"]
[Date "2020.05.19"]
[Round "10"]
[White "keepitcool9499"]
[Black "dbrankovic68"]
[Result "1-0"]
[WhiteElo "2462"]
[BlackElo "2342"]
[TimeControl "180+1"]
[EndTime "13:59:30 PDT"]
[Termination "keepitcool9499 won on time"]

1. d4 Nf6 2. c4 g6 3. Nc3 Bg7 4. e4 d6 5. Nge2 O-O 6. f3 e5 7.
Be3 c6 8. Qd2 Re8 9. g4 Qe7 10. d5 cxd5 11. Nxd5 Nxd5 12. cxd5 f5 13. gxf5 gxf5 14. Bg5 Qf7 15. Rg1 Kh8 16. O-O-O Na6 17. Kb1 Bd7 18. Bh6 Rg8 19. Bxg7+ Rxg7 20. Rxg7 Qxg7 21. Ng3 fxe4 22. Bxa6 bxa6 23. fxe4 Rf8 24. Rc1 Bg4 25. Qb4 h5 26. Qxd6 h4 27. Nf5 Bxf5 28.
exf5 Rxf5 29. Qd8+ Rf8 30. Qxh4+ Kg8 31. Qe4 Rd8 32.
Re1 Qf7 33. Qxe5 Rxd5 34. Rg1+ Kh7 35. Qe4+ Qf5 36. Qxf5+ Rxf5 37. Rg2 Rf3 38. Kc2 a5 39. b3 a4 40. bxa4 Ra3 41. Kb2 Rxa4 42. Rc2 Kg6 43. Kb3 Rh4 44. a4 Kf6 45. Rc7 a5 46. Rc5 Rxh2 47.
Rxa5 Ke6 48. Rc5 Kd6 49. Rc1 Rh5 50. Kb4 Rh7 51. Kb5 Rc7 52. Rd1+ Ke7 53. Kb6 Rc2 54. a5 Rb2+ 55. Ka7 Rb3 56. a6 Rb2 57. Ka8 Rb3 58. a7 Rb2 59. Rd3 Rb1 60. Rh3 Kd7 61. Rh8 Kc7 62. Rb8 Ra1 63. Rb2 Ra3 64. Rc2+ Kd7 65. Rc5 Rb3 66. Rc4 Rb2 67. Rg4 Kc7 68. Rg8 Rb1 69. Rb8 Rc1 70. Rb5 Kc8 71. Rb4 Kc7 72.
Rb7+ Kc8 73. Rb4 Kc7 74. Rb3 Kc8 75. Rb8+ Kc7 76. Rh8 Rb1 77. Rh7+ Kc8 78. Rh6 Kc7 79. Rh4 Rb2 80. Rc4+ Kd7 81. Rc5 Kd8 82. Rd5+ Kc7 83. Rc5+ Kd7 84. Rc3 Kd8 85. Rc1 Kd7 86. Rc5 Kd8 87.
Rh5 Kc7 88. Rh7+ Kc8 89. Rh8+ Kc7 90. Rb8 Rc2 91. Rb7+ Kc8 92. Rb4 Rc1 93. Rh4 Rb1 94. Rh7 Kd8 95. Rb7 Rc1 96. Rb6 Kc7 97. Rb7+ Kc8 98.
Rh7 1-0

[Event "*** Titled Tuesday Blitz"]
[Site "Chess.com"]
[Date "2020.05.19"]
[Round "10"]
[White "Natalya_Buksa"]
[Black "VerdeNotte"]
[Result "1/2-1/2"]
[WhiteElo "2587"]
[BlackElo "2806"]
[TimeControl "180+1"]
[EndTime "13:59:32 PDT"]
[Termination "Game drawn - insufficient material"]

1. d4 Nf6 2. Nc3 d5 3. Bf4 g6 4. e3 Bg7 5. Nf3 O-O 6. h4 h5 7. Be2 c5 8. Ne5 Nc6 9. Qd2 cxd4 10. exd4 Bf5 11. Nxc6 bxc6 12. Be5 Nd7 13. Bxg7 Kxg7 14. O-O e5 15. dxe5 Qxh4 16. f4 Rab8 17. b3 Nc5 18.
Bd3 Nxd3 19. cxd3 d4 20. Ne4 Bxe4 21. dxe4 Rfd8 22. Rac1 Rbc8 23. Rc5 Qg4 24. Qd3 h4 25. f5 h3 26. Qxh3 Qxh3 27. gxh3 d3 28. Kf2 d2 29.
Rd1 Rd3 30. Ke2 Rcd8 31. Rc2 Rxh3 32. Rcxd2 Re8 33. e6 fxe6 34. Rd7+ Kf6 35. fxg6 Kxg6 36. Rf1 a5 37. Rd6 Rh2+ 38. Ke3 Rxa2 39. Rxc6 Ra3 40. Rb6 a4 41. Rb1 Kf6 42. Kf4 axb3 43. e5+ Kg6 44.
R1xb3 Rxb3 45. Rxb3 Ra8 46. Rg3+ Kf7 47. Rh3 Kg6 48. Rg3+ Kf7 49. Rf3 Ra4+ 50. Kg5+ Ke7 51. Rb3 Ra7 52. Rb5 Rd7 53. Kg6 Rd5 54. Rb7+ Kf8 55.
Kf6 Rd8 56. Rh7 Kg8 57. Re7 Rf8+ 58. Kxe6 Ra8 59. Rd7 Kf8 60. Rh7 Ra6+ 61. Kf5 Ke8 62. Rc7 Rb6 63. Rc3 Ra6 64. Rd3 Rb6 65. Rg3 Ra6 66.
Rg8+ Kf7 67. Rb8 Ra2 68. Rb7+ Kf8 69. Kf6 Rf2+ 70. Ke6 Re2 71. Rb8+ Kg7 72. Re8 Re1 73. Kd6 Kf7 74. Re7+ Kf8 75. Ra7 Rd1+ 76. Ke6 Re1 77.
Ra8+ Kg7 78. Rd8 Re2 79. Rd7+ Kf8 80. Rf7+ Ke8 81. Rh7 Kf8 82. Rh8+ Kg7 83. Rb8 Re1 84. Rb7+ Kf8 85. Kf6 Rf1+ 86. Ke6 Re1 87. Rb2 Kg7 88. Kd6 Rd1+ 89. Ke7 Kg6 90. Rf2 Ra1 91. Rd2 Ra7+ 92. Rd7 Ra5 93. e6 Ra6 94. Rd6 Ra8 95.
Rd8 Ra7+ 96. Ke8 Kf6 97. Rd6 Re7+ 98. Kd8 Rxe6 99. Rxe6+ Kxe6 1/2-1/2

[Event "*** Titled Tuesday Blitz"]
[Site "Chess.com"]
[Date "2020.05.19"]
[Round "10"]
[White "Hangar-18"]
[Black "lamomiablanca"]
[Result "1-0"]
[WhiteElo "2335"]
[BlackElo "2192"]
[TimeControl "180+1"]
[EndTime "13:59:32 PDT"]
[Termination "Hangar-18 won by resignation"]

1. b3 a5 2. Bb2 a4 3. bxa4 d5 4. Nf3 c5 5. e3 Nc6 6. Bb5 f6 7.
c4 e6 8. cxd5 exd5 9. O-O Bd6 10. d4 c4 11. e4 dxe4 12. Re1 Ne7 13. Rxe4 O-O 14. Bxc4+ Kh8 15. Nbd2 Bf5 16. Re2 Nb4 17. Ne4 Nbd5 18. Ng3 Bg4 19. Qb3 Nf4 20. Ree1 Rc8 21. Rac1 Qd7 22. Ne4 Nc6 23. Nxd6 Qxd6 24. Ba3 Qd7 25.
Bxf8 Rxf8 26. Qe3 g5 27. d5 Bxf3 28. Qxf3 Ne5 29. Qe4 Qg4 30. Kf1 Qh5 31. h3 Rd8 32. Qf5 Qh6 33. Rcd1 Nxc4 34. Re7 Nd6 35. Qc2 g4 36.
Kg1 gxh3 37. g3 h2+ 38. Kh1 Ng6 39. Re3 Ne5 40. f4 Ng4 41. Re2 Qh3 42. Rg2 Ne3 43. Qb2 Qxg2+ 44. Qxg2 Nxg2 45. Kxg2 Nf5 46. Kxh2 Ne3 47.
Rb1 Rd7 48. d6 Nc4 49. g4 Nxd6 50.
Kg3 Kg7 51. Kf3 Kf7 52. Rh1 Kg7 53. Rd1 Rd8 54. f5 Nf7 55. Rb1 Ne5+ 56. Ke4 Rd7 57. g5 Kf7 58. gxf6 Kxf6 59. Rh1 Kg7 60. Kxe5 Rd2 61.
f6+ Kg6 62. Rg1+ Kf7 63. Rg7+ Kf8 64. Rxh7 Re2+ 65. Kf5 Rxa2 66. Kg6 Rg2+ 67. Kf5 Rf2+ 68. Ke6 Re2+ 69. Kd6 Rd2+ 70. Kc7 Ra2 71. Rh4 Rf2 72. Kxb7 Rxf6 73. a5 Rf7+ 74. Kb6 Kg7 75. Rc4 Rf1 76.
a6 Rb1+ 77. Kc7 Ra1 78. Kb7 Rb1+ 79. Kc8 Ra1 80. Kb7 Rb1+ 81. Ka8 Kf6 82. Rc7 Ke6 83. Rb7 Ra1 84. a7 Kd6 85. Kb8 Re1 86. a8=Q Re8+ 87.
Ka7 Rxa8+ 88. Kxa8 1-0

[Event "*** Titled Tuesday Blitz"]
[Site "Chess.com"]
[Date "2020.05.19"]
[Round "10"]
[White "Sergey85Rodchenkov"]
[Black "SamuelGhimpu2003"]
[Result "1/2-1/2"]
[WhiteElo "2520"]
[BlackElo "2599"]
[TimeControl "180+1"]
[EndTime "13:59:39 PDT"]
[Termination "Game drawn by stalemate"]

1. e4 e6 2. d4 d5 3. Nd2 c5 4. Ngf3 cxd4 5. exd5 Qxd5 6. Bc4 Qd7 7. O-O Nc6 8. Nb3 a6 9. Nbxd4 Nxd4 10. Nxd4 Qc7 11. Bb3 Bd6 12. h3 Ne7 13. c3 O-O 14. Qf3 Ng6 15. Re1 b6 16. Bg5 Bb7 17. Qh5 Bh2+ 18. Kf1 Bf4 19. Nf3 Bxf3 20. gxf3 Qc5 21. h4 Qf5 22.
Qg4 Qxg4 23. fxg4 Bxg5 24. hxg5 Rfd8 25. Rad1 Kf8 26. Kg2 a5 27. a4 Ke7 28. Kg3 Rxd1 29.
Rxd1 e5 30. Rd5 Rd8 31. Rxd8 Kxd8 32. Bxf7 Nf4 33. Bg8 h6 34. gxh6 gxh6 35. Kf3 Ke7 36. Ke4 Kd6 37. b4 Nh3 38. Ke3 Nf4 39. Bc4 h5 40.
gxh5 Nxh5 41. Ke4 Nf4 42. f3 Ng6 43. Bd3 Nf4 44. Bc4 Ng6 45. Bf7 Nf4 46. Bg8 Ne2 47. Kd3 Nf4+ 48. Kc4 Ne2 49. b5 Nf4 50. Bh7 Kc7 51.
Be4 Kd6 52. Bc6 Kc7 53. Kb3 Kd6 54. Kc2 Ne6 55. Bd5 Nc5 56. Bb3 Ke7 57. Kb2 Kf6 58. Bc2 Kg5 59. Be4 Kf4 60. Bd5 Ke3 61. Ka3 Kd3 62.
c4 Kd4 63. Bf7 Ke3 64. Bd5 Nd3 65. Be4 Nc5 66. Bd5 Kd3 67. Bf7 Kc3 68. Bd5 Nd3 69. Bg8 Nc5 70. Bd5 Kd4 71. Bf7 Nd3 72. Bd5 Nb4 73. Be6 Kc5 74. Kb3 Nd3 75. Kc3 Nf4 76.
Bf7 Ng2 77. Bd5 Ne3 78. Be4 Nd1+ 79. Kd2 Nb2 80. Kc3 Nxa4+ 81. Kb3 Kd4 82. Kxa4 Kxc4 83. Bc6 Kc5 84. Kb3 Kd4 85. Kb2 Kc4 86. Kc2 Kd4 87. Kb2 Kc4 88. Ka3 Kc3 89. Ka2 Kc4 90. Kb2 Kb4 91. Kc2 Kc4 92. Kd2 Kd4 93. Kc2 Kc4 94. Kb2 Kb4 95. Bd7 a4 96. Be8 Ka5 97. Ka3 e4 98. f4 e3 99. Bh5 e2 100. Bxe2 1/2-1/2